 Dungeon Crawl Stone Soup version 0.20-a0-2-g2b0e13a (webtiles) character file.

7332 dobroeutro the Nimble (level 10, -1/80 HPs)
             Began as a Demonspawn Gladiator on Oct 29, 2016.
             Was an Elder of Makhleb.
             Killed from afar by a gargoyle (8 damage)
             ... with a stone arrow
             ... on level 10 of the Dungeon.
             The game lasted 00:14:19 (8330 turns).

dobroeutro the Nimble (Demonspawn Gladiator)        Turns: 8330, Time: 00:14:20

Health: -1/80      AC: 14    Str: 19    XL:     10   Next: 90%
Magic:  0/19       EV: 14    Int: 12    God:    Makhleb [****..]
Gold:   408        SH:  0    Dex: 14    Spells: 0 memorised, 9 levels left

rFire  + + .     SeeInvis .     L - +6 whip "Zipe" {freeze, rPois rF++ MR-}
rCold  . . .     Gourm    .     H - +2 scale mail {rPois}
rNeg   . . .     Faith    .     (no shield)
rPois  +         Spirit   +     (helmet restricted)
rElec  .         Reflect  .     B - +0 cloak (curse)
rCorr  .         Harm     .     T - +0 pair of gloves
MR     .....                    (no boots)
Stlth  ..........               h - amulet of guardian spirit
                                I - ring of magical power
                                y - +3 ring of intelligence

@: no status effects
A: horns 2, slimy green scales 1, powered by death 2, powered by pain 2
a: Minor Destruction, Lesser Servant of Makhleb, Major Destruction, Renounce
Religion


You were on level 10 of the Dungeon.
You worshipped Makhleb.
Makhleb was greatly pleased with you.
You were near starving.

You visited 2 branches of the dungeon, and saw 11 of its levels.

You collected 696 gold pieces.
You spent 288 gold pieces at shops.

Inventory:

Hand Weapons
 e - a +0 spear of freezing
 o - a +2 dagger of venom
 L - the +6 whip "Zipe" (weapon) {freeze, rPois rF++ MR-}
   (You found it on level 7 of the Dungeon)

   It has been specially enchanted to freeze those struck by it, causing extra
   injury to most foes and up to half again as much damage against particularly
   susceptible opponents.
   It can also slow down cold-blooded creatures.
   It greatly protects you from fire.
   It protects you from poison.
   It affects your resistance to hostile enchantments.
Missiles
 c - 7 throwing nets (quivered)
Armour
 B - a cursed +0 cloak (worn)
 H - a +2 scale mail of poison resistance (worn)
 T - a +0 pair of gloves (worn)
Magical Staves
 E - an uncursed staff of summoning
Jewellery
 h - an amulet of guardian spirit (around neck)
 y - a +3 ring of intelligence (left hand)
 I - a ring of magical power (right hand)
Wands
 p - a wand of lightning (11/15)
 M - a wand of iceblast (5/15)
 Q - a wand of acid (6/15)
Scrolls
 a - a scroll of recharging {unknown}
 i - 9 scrolls of identify {unknown}
 l - 3 scrolls of fog {unknown}
 m - 2 scrolls of fear {unknown}
 n - 5 scrolls of remove curse {unknown}
 r - 2 scrolls of enchant armour {unknown}
 v - 6 scrolls of magic mapping {unknown}
 w - 4 scrolls of blinking {unknown}
 x - 2 scrolls of immolation {unknown}
 z - 2 scrolls of noise {unknown}
 A - 3 scrolls of teleportation {unknown}
 G - 3 scrolls of random uselessness {unknown}
 R - a scroll of brand weapon {unknown}
 S - a scroll of amnesia {unknown}
Potions
 f - 5 potions of degeneration {unknown}
 g - 2 potions of flight {unknown}
 q - a potion of brilliance {unknown}
 t - 2 potions of might {unknown}
 u - 2 potions of curing {unknown}
 C - a potion of lignification {unknown}
 D - a potion of heal wounds {unknown}
 J - a potion of magic {unknown}
 K - a potion of cure mutation {unknown}
 N - a potion of haste {unknown}
 O - a potion of agility {unknown}
 P - a potion of resistance {unknown}
Books
 b - a book of Changes

   Spells                             Type                      Level
   a - Beastly Appendage              Transmutation                1
   b - Sticks to Snakes               Transmutation                2
   c - Spider Form                    Transmutation/Poison         3
   d - Ice Form                       Ice/Transmutation            4
   e - Blade Hands                    Transmutation                5
 F - a book of Battle

   Spells                             Type                      Level
   a - Infusion                       Charms                       1
   b - Shroud of Golubria             Charms/Translocation         2
   c - Song of Slaying                Charms                       2
   d - Spectral Weapon                Hexes/Charms                 3
   e - Regeneration                   Charms/Necromancy            3
Comestibles
 d - 5 bread rations
 j - 10 beef jerkies
 k - 4 meat rations
 s - 28 fruits


   Skills:
 + Level 8.3 Fighting
 - Level 1.7 Throwing
 + Level 7.8 Armour
 + Level 8.5 Dodging
 + Level 8.2 Unarmed Combat


You had 9 spell levels left.
You didn't know any spells.

Dungeon Overview and Level Annotations

Branches:
Dungeon (10/15)            Temple (1/1) D:4            Lair (0/6) D:9
    Orc: D:9-12

Altars:
Ashenzari
Cheibriados
Dithmenos
Elyvilon
Fedhas
Hepliaklqana
Kikubaaqudgha
Makhleb
Nemelex Xobeh
Okawaru
Qazlal
Ru
Sif Muna
Trog
Uskayaw
Vehumet
Xom
Yredelemnul
Zin
The Shining One

Shops:
D:4 ![   D:7 [

Annotations:
D:6 removeelyvilon's ghost, novice KoSu


Innate Abilities, Weirdness & Mutations

You have a pair of horns on your head.
You are partially covered in slimy green scales. (AC +2)
You regenerate health from kills.
You sometimes gain power by taking damage.


Message History

The stone arrow misses you.
You hit the gargoyle but do no damage.
The gargoyle is heavily damaged.
The gargoyle hurls a stone arrow at you.
The stone arrow hits you!
You barely miss the gargoyle.
You headbutt the gargoyle, but do no damage.
The gargoyle is heavily damaged.
The gargoyle hurls a stone arrow at you.
The stone arrow hits you!
* * * LOW HITPOINT WARNING * * *
You focus on the pain.
You feel your power returning.
The gargoyle hurls a stone arrow at you.
The stone arrow misses you.
The gargoyle hurls a stone arrow at you.
The stone arrow hits you!
* * * LOW HITPOINT WARNING * * *
The gargoyle hurls a stone arrow at you.
The stone arrow hits you!
You die...

#####.######.####.# #
#...........#.....##
#.###.#..#.###.#...##
#.# #.#...##
##.....### #.# #....##
##...#... #.# ###.[.##
##)..##.## #.#
#<.#.###.#.###.#
#.#####..##.#.##.....#
#.9...@..###.###.#####
########.........#
###########


You could see a gargoyle.

Vanquished Creatures
  Erica (D:8)
  Pikel (D:5)
  A komodo dragon (D:9)
  A troll (D:9)
  2 hippogriffs
  Eustachio (D:5)
  A hungry ghost (D:8)
  The ghost of wazuzu the Sneak, an amateur OpMo (D:3)
  2 water moccasins (D:8)
  A slave (D:5)
  3 ice beasts
  5 orc warriors
  A black bear (D:8)
  A necrophage (D:9)
  3 phantoms
  7 ogres
  4 centaurs
  7 bullfrogs
  A water moccasin zombie (D:6)
  A wyvern skeleton (D:9)
  10 killer bees
  A scorpion (D:9)
  3 wights (D:7)
  A howler monkey (D:4)
  5 crimson imps
  A gnoll shaman (D:5)
  A quasit (D:8)
  4 orc priests
  2 jellies (D:8)
  3 centaur skeletons
  3 bullfrog skeletons
  2 iguanas
  12 orc wizards
  4 worker ants
  A killer bee zombie (D:9)
  A hound skeleton (D:8)
  A worker ant zombie (D:9)
  13 gnolls
  9 adders
  A howler monkey skeleton (D:8)
  3 adder zombies
  3 adder skeletons
  2 worms
  A dart slug (D:4)
  4 leopard geckos
  40 orcs
  3 ball pythons
  4 giant cockroaches
  8 goblins
  12 hobgoblins
  11 jackals
  2 quokkas
  7 bats
  9 frilled lizards
  10 kobolds
  A quokka skeleton (D:7)
  10 rats
253 creatures vanquished.

Vanquished Creatures (others)
  A crimson imp (D:5)
  An orc wizard (D:5)
  An orc (D:5)
  A plant (D:9)
4 creatures vanquished.

Grand Total: 257 creatures vanquished

Notes
Turn   | Place    | Note
-------+----------+-------------------------------------------
     0 | D:1      | dobroeutro the Demonspawn Gladiator began the quest for the Orb.
     0 | D:1      | Reached XP level 1. HP: 16/16 MP: 1/1
   247 | D:1      | Gained mutation: You have a pair of small horns on your head. [demonic ancestry]
   247 | D:1      | Reached XP level 2. HP: 22/22 MP: 0/2
   895 | D:1      | Gained mutation: You sometimes gain a little power by taking damage. [demonic ancestry]
   895 | D:1      | Reached XP level 3. HP: 7/28 MP: 1/3
  1151 | D:2      | Reached skill level 1 in Armour
  1575 | D:3      | Gained mutation: You regenerate a little health from kills. [demonic ancestry]
  1575 | D:3      | Reached XP level 4. HP: 32/34 MP: 2/4
  1697 | D:3      | Gained mutation: You are partially covered in slimy green scales. (AC +2) [demonic ancestry]
  1697 | D:3      | Reached XP level 5. HP: 30/41 MP: 3/5
  1862 | D:3      | Found a glowing silver altar of Zin.
  1862 | D:3      | Found a faded altar of an unknown god.
  1868 | D:3      | Found a hazy altar of Hepliaklqana.
  1872 | D:3      | Found a snail-covered altar of Cheibriados.
  1874 | D:3      | Found a faded altar of an unknown god.
  2344 | D:3      | Noticed wazuzu's ghost (amateur OpMo)
  2371 | D:3      | Killed wazuzu's ghost
  2371 | D:3      | Gained mutation: You regenerate health from kills. [demonic ancestry]
  2371 | D:3      | Reached XP level 6. HP: 34/47 MP: 4/6
  2806 | D:4      | Found a staircase to the Ecumenical Temple.
  2824 | Temple   | Entered the Ecumenical Temple
  2876 | Temple   | Became a worshipper of Makhleb the Destroyer
  2961 | D:4      | Found Addiule's Antique Armour Emporium.
  3004 | D:4      | Found Kileun's Distillery.
  3228 | D:4      | Gained mutation: You sometimes gain power by taking damage. [demonic ancestry]
  3228 | D:4      | Reached XP level 7. HP: 48/54 MP: 7/7
  3376 | D:5      | Entered Level 5 of the Dungeon
  3523 | D:5      | Reached skill level 5 in Unarmed Combat
  3524 | D:5      | Reached * piety under Makhleb
  3596 | D:5      | Noticed Eustachio
  3621 | D:5      | Killed Eustachio
  3621 | D:5      | Reached skill level 5 in Dodging
  3621 | D:5      | Gained mutation: You have a pair of horns on your head. [demonic ancestry]
  3621 | D:5      | Reached XP level 8. HP: 46/61 MP: 8/8
  3813 | D:5      | Noticed Pikel
  3839 | D:5      | Killed Pikel
  3839 | D:5      | Reached skill level 5 in Fighting
  4216 | D:6      | Noticed removeelyvilon's ghost (novice KoSu)
  4521 | D:5      | Reached skill level 5 in Armour
  4598 | D:5      | Reached XP level 9. HP: 69/69 MP: 6/9
  4987 | D:7      | Reached ** piety under Makhleb
  5100 | D:7      | Found Sakh's Armour Shop.
  5108 | D:7      | Bought a +2 scale mail of poison resistance for 288 gold pieces
  5540 | D:7      | Got a bone whip
  5542 | D:7      | Identified the +6 whip "Zipe" {freeze, rPois rF++ MR-} (You found it on level 7 of the Dungeon)
  5947 | D:8      | Reached *** piety under Makhleb
  6023 | D:8      | Reached XP level 10. HP: 70/79 MP: 10/10
  6093 | D:8      | Noticed Erica
  6109 | D:8      | Killed Erica
  6861 | D:9      | Reached **** piety under Makhleb
  7262 | D:9      | Found a staircase to the Lair.
  8162 | D:10     | Entered Level 10 of the Dungeon
  8313 | D:10     | Noticed a gargoyle
  8330 | D:10     | Killed from afar by a gargoyle

Vault maps used:
D:1:      lightli_arrival_maybe_door_vault
D:2:      dk_vineyard_1
D:3:      kennysheep_six_static_rooms, chequers_temple_overflow_minitemple,
          first_bread, corner_web_ring
D:4:      serial_shops, shop, shop
D:5:      uniq_eustachio, uniq_pikel
D:7:      serial_shops, shop_coins, grunt_ministairs_1
D:8:      grunt_ogre_cave, uniq_erica
D:9:      david_lair_shrubbed
D:10:     orc_0_dummy
Temple:   compressed_dpeg_circular_temple

Skill      XL: |  1  2  3  4  5  6  7  8  9 10 |
---------------+-------------------------------+-----
Dodging        | 3 4 5 6 7 8 |  8.5
Unarmed Combat | 3 4 5 6 7 8 |  8.2
Armour         | 1 2 3 5 6 7 |  7.8
Fighting       | 3 4 5 7 8 |  8.3
Throwing       | |  1.7

Action                   |  1- 3 |  4- 6 |  7- 9 | 10-12 || total
-------------------------+-------+-------+-------+-------++-------
Melee: Spear             |    66 |       |       |       ||    66
       Dagger            |    67 |   208 |   386 |       ||   661
       Headbutt          |    12 |    40 |   104 |    65 ||   221
       Punch             |     1 |     1 |    10 |    21 ||    33
       Whip              |       |       |    86 |   269 ||   355
  Eat: Chunk             |     1 |     7 |     5 |       ||    13
       Bread ration      |       |       |     1 |     2 ||     3
Armor: Leather armour    |    26 |       |       |       ||    26
       Ring mail         |    15 |    49 |   169 |       ||   233
       Scale mail        |       |       |    41 |   137 ||   178
Dodge: Dodged            |   109 |   135 |   404 |   225 ||   873
